AoeStats
← Mycorrhizal

Nomad

510588115Analyzed
4v4 RM · 11h ago on Oct 1, 2026· 40m 51s· 8 players
Game mode
Random Map
Map size
231×231
Population
200
Speed
Normal
Resources
Standard
Victory
Conquest
Starting age
Dark Age
Ending age
Imperial Age
RankedLock teamsTeams togetherTeam positionsShared explorationLock speedFull tech treeHidden civsTurbo modeCheats
Victory
Defeat
🇳🇱 Koreans · Netherlands
1542
+13
🇹🇷 Britons · Türkiye
1525
+14
🇩🇪 Ethiopians · Germany
1473
+16
🇹🇼 Muisca · Taiwan
1437
+17
🇮🇹 Aztecs · Italy
1498
-16
🇨🇦 Italians · Canada
1487
-16
🇳🇴 Sicilians · Norway
1460
-14
🇮🇳 Teutons · India
1438
-14
Mycorrhizal
4:37 Loom
11:39 Feudal Age
13:35 Double-Bit Axe
18:35 Castle Age
17:26 Fletching
19:30 Medium Warships
19:41 Bow Saw
21:14 Horse Collar
23:16 Heavy Plow
23:59 Stone Mining
24:38 Bodkin Arrow
26:52 Scale Barding Armor
29:24 Wheelbarrow
28:36 Town Watch
33:04 Imperial Age
30:44 Padded Archer Armor
31:40 Chain Barding Armor
31:31 Forging
32:15 Bloodlines
32:06 Husbandry
34:18 Bracer
35:03 Conscription
36:41 Leather Archer Armor
36:24 Elite Genoese Crossbowman
39:11 Ballistics
39:22 Elite Skirmisher
FreakinGorkha
4:55 Loom
14:58 Feudal Age
15:19 Man-at-Arms
17:37 Double-Bit Axe
22:17 Fletching
22:41 Horse Collar
26:35 Wheelbarrow
31:00 Castle Age
33:49 Bow Saw
36:42 Heavy Plow
37:29 Wheelbarrow
Snavle
5:04 Loom
15:02 Feudal Age
19:34 Castle Age
17:58 Double-Bit Axe
18:52 Horse Collar
21:55 Bow Saw
22:47 Scale Barding Armor
26:07 Stone Mining
26:53 Husbandry
28:41 Wheelbarrow
27:51 Town Watch
33:35 Imperial Age
32:15 Chain Barding Armor
32:05 Forging
32:21 Bloodlines
32:34 Hand Cart
33:35 Gold Mining
33:44 Cavalier
34:31 Fletching
38:32 Iron Casting
38:22 Light Cavalry
39:44 Gold Shaft Mining
40:14 Plate Barding Armor
40:40 Blast Furnace
Guts
4:36 Loom
13:14 Feudal Age
14:52 Double-Bit Axe
17:13 Castle Age
19:00 Bow Saw
20:48 Horse Collar
22:52 Heavy Plow
23:31 Wheelbarrow
24:21 Gold Mining
24:42 Fishing Lines
24:55 Eagle Warrior
25:46 Stone Mining
28:20 Gold Shaft Mining
28:30 Hand Cart
28:25 Squires
28:11 Arson
29:18 Scale Mail Armor
29:29 Forging
31:05 Chain Mail Armor
34:40 Imperial Age
32:51 Iron Casting
34:07 Gold Shaft Mining
34:57 Pikeman
36:44 Plate Mail Armor
37:15 Blast Furnace
35:48 Elite Eagle Warrior
37:50 Conscription
38:56 Garland Wars
KingJulien
5:14 Loom
13:39 Feudal Age
12:59 Loom
17:13 Castle Age
16:11 Fletching
16:11 Double-Bit Axe
18:25 Town Watch
21:37 Horse Collar
22:09 Bodkin Arrow
28:18 Scale Mail Armor
30:21 Husbandry
33:02 Scale Barding Armor
34:19 Fortified Wall
35:37 Masonry
39:14 Treadmill Crane
42:36 Imperial Age
41:29 Wheelbarrow
JavelinMen
12:36 Feudal Age
13:06 Double-Bit Axe
13:04 Horse Collar
14:59 Loom
19:15 Castle Age
21:51 Wheelbarrow
22:03 Bow Saw
24:37 Wheelbarrow
25:42 Hand Cart
25:50 Heavy Plow
27:07 Gold Mining
27:09 Stone Mining
27:15 Stone Mining
28:33 Fletching
32:49 Imperial Age
30:43 Fletching
31:18 Ballistics
31:47 Yeomen
31:24 Bodkin Arrow
31:29 Padded Archer Armor
33:41 Coinage
33:32 Leather Archer Armor
33:32 Masonry
32:56 Elite Longbowman
33:41 Bracer
34:56 Chemistry
35:19 Gold Shaft Mining
35:15 Ring Archer Armor
34:28 Treadmill Crane
35:19 Architecture
35:32 Conscription
36:33 Two-Man Saw
35:42 Scale Mail Armor
35:52 Forging
36:05 Guard Tower
36:00 Arrowslits
37:07 Hoardings
37:19 Murder Holes
37:36 Fortified Wall
38:41 Keep
38:50 Banking
38:21 Caravan
39:55 Warwolf
Kempinho
6:09 Loom
13:50 Feudal Age
14:27 Town Watch
15:27 Double-Bit Axe
17:44 Castle Age
15:39 Gold Mining
16:04 Fletching
18:24 Bodkin Arrow
19:55 Medium Warships
21:44 Fishing Lines
22:27 Horse Collar
23:25 Bow Saw
25:17 Ballistics
25:21 Clinker Construction
26:20 Gillnets
28:22 Wheelbarrow
28:26 Stone Mining
28:41 Heavy Plow
29:41 Careening
33:18 Imperial Age
31:04 Hand Cart
31:24 Padded Archer Armor
31:36 Masonry
33:39 Leather Archer Armor
35:05 Chemistry
34:07 Bracer
34:43 Heavy Warships
33:55 Crossbowman
34:44 Thumb Ring
35:24 Architecture
34:46 Arbalester
35:22 Capped Ram
36:58 Ring Archer Armor
38:12 Conscription
39:50 Coinage
40:24 Siege Engineers
40:35 Torsion Engines
飛衫走奶
4:39 Loom
14:26 Feudal Age
18:52 Castle Age
17:15 Double-Bit Axe
17:11 Horse Collar
19:50 Heavy Plow
20:01 Bow Saw
20:40 Gold Mining
27:28 Stone Mining
28:42 Fletching
31:06 Forging
32:36 Wheelbarrow
33:21 Iron Casting
32:42 Bodkin Arrow
32:57 Treadmill Crane
33:40 Padded Archer Armor
33:40 Scale Mail Armor
34:17 Hand Cart
36:08 Gold Shaft Mining
36:11 Stone Shaft Mining
36:12 Ballistics
39:17 Imperial Age
37:40 Chain Mail Armor
37:41 Leather Archer Armor
37:47 Leather Archer Armor
37:49 Herbalism
39:45 Murder Holes
40:08 Huaracas
40:24 Conscription
40:11 Bracer
40:42 Plate Mail Armor
39:46 Elite Guecha Warrior
39:54 Elite Guecha Warrior
40:34 Champi Runner
41:15 Squires
Connection lost

Rejoining the realm…

Still unreachable

The connection could not be restored.

Session expired

The server has moved on; the page needs a fresh start.